 Dungeon Crawl Stone Soup version 0.29-a0-409-gd843f3a48c (webtiles) character file.

Game seed: 8772112486988863601

557 dolemite99 the Arsonist (level 7, -2/45 HPs)
             Began as a Hill Orc Fire Elementalist on May 14, 2022.
             Was a Plaything of Xom.
             Slain by a gnoll
             ... wielding a +0 halberd
             ... led by a gnoll shaman
              (10 damage)
             ... on level 5 of the Dungeon.
             The game lasted 00:08:12 (7145 turns).

dolemite99 the Arsonist (HOFE)                      Turns: 7145, Time: 00:08:12

Health: -2/45      AC:  5    Str: 11    XL:     7   Next: 30%
Magic:  2/9        EV: 12    Int: 19    God:    Xom [*.....]
Gold:   1020       SH:  0    Dex: 11    Spells: 3/9 levels left

rFire   . . .      SeeInvis .   h - +1 rapier
rCold   . . .      Faith    .   (no shield)
rNeg    . . .      Spirit   .   a - +0 robe
rPois   .          Reflect  .   l - +2 helmet
rElec   .          Harm     .   (no cloak)
rCorr   .          Rampage  .   (no gloves)
Will    .....                   (no boots)
Stlth   ++........              (no amulet)
HPRegen 0.15/turn               (no ring)
MPRegen 0.11/turn               (no ring)

@: no status effects
A: fangs 1, clever 1, frail 1, mutation resistance 1, screaming 2
a: Renounce Religion


You were on level 5 of the Dungeon.
You worshipped Xom.
You were a special plaything of Xom.
You visited 1 branch of the dungeon, and saw 5 of its levels.

You collected 1160 gold pieces.
You spent 140 gold pieces at shops.

Inventory:

Hand Weapons
 f - a +0 short sword
 h - a +1 rapier (weapon)
 t - a +3 hand axe of flaming
Missiles
 g - 81 stones
 n - 11 poisoned darts
Armour
 a - a +0 robe (worn)
 l - a +2 helmet (worn)
Jewellery
 p - an amulet of the acrobat
Wands
 q - a wand of polymorph (11)
Scrolls
 k - 2 scrolls of magic mapping
 m - a scroll of noise
 o - 3 scrolls of teleportation
 v - a scroll of fog
 x - a scroll of poison
 y - a scroll of enchant armour
Potions
 b - a potion of might
 c - 2 potions of degeneration
 i - a potion of flight
 j - a potion of mutation
 s - a potion of ambrosia
 u - 2 potions of attraction


   Skills:
 + Level 2.8 Axes
 - Level 1.5 Dodging
 - Level 1.5 Stealth
 - Level 1.5 Spellcasting
 - Level 1.0 Conjurations
 + Level 8.5 Fire Magic


You had 3 spell levels left.
You knew the following spells:

 Your Spells              Type           Power      Damage    Failure   Level
a - Foxfire               Conj/Fire      76%        2x1d7     2%          1
b - Scorch                Fire           68%        2d8       1%          2
c - Conjure Flame         Conj/Fire      19%        6-21      8%          3

Your spell library contained the following spells:

 Spells                   Type           Power      Damage    Failure   Level
 Inner Flame              Hex/Fire       17%        N/A       9%          3
 Flame Wave               Conj/Fire      19%        2d6       24%         4
 Malign Gateway           Summ/Tloc      0%         N/A       100%        7
 Summon Horrible Things   Summ           0%         N/A       100%        8


Dungeon Overview and Level Annotations

Branches:
Dungeon (5/15)
 Temple: D:4-7

Altars:
Gozag
Kikubaaqudgha
Nemelex Xobeh
Xom

Shops:
D:2 ?


Innate Abilities, Weirdness & Mutations

You have very sharp teeth.
Your mind is acute. (Int +2)
You are frail. (-10% HP)
You are somewhat resistant to further mutation.
You frequently scream uncontrollably at your foes.


Message History

Flames lash the gnoll shaman but do no damage.
You hear a shout!
The gnoll shaman closely misses you. The gnoll shaman barely misses you.
Casting: Scorch (safe; 1% risk of failure)
Confirm with . or Enter, or press ? or * to list all spells.
Flames lash the gnoll shaman.
The gnoll shaman is burned terribly!
You kill the gnoll shaman!
You are no longer glowing.
Okay, then.
You feel better.
You feel better.
The gnoll hits you from afar with a +0 halberd.
Casting: Scorch (safe; 1% risk of failure)
Confirm with . or Enter, or press ? or * to list all spells.
Flames lash the gnoll.
The gnoll is severely wounded.
The gnoll's fire resistance burns away.
The gnoll hits you from afar with a +0 halberd!
The gnoll closely misses you.
Okay, then.
Throw: 13 darts (poison)
Press: ? - help, Shift-Dir - straight line, f - gnoll
Aim: a gnoll, wielding a +0 halberd (severely wounded, more vulnerable to fire, 58% to hit)
You throw a poisoned dart. The poisoned dart hits the gnoll.
The gnoll is poisoned.
The gnoll is severely wounded.
The gnoll hits you from afar with a +0 halberd!
* * * LOW HITPOINT WARNING * * *
The gnoll is no longer more vulnerable to fire.
The gnoll looks more healthy.
Throw: 12 darts (poison)
Press: ? - help, Shift-Dir - straight line, f/p - gnoll
Aim: a gnoll, wielding a +0 halberd (almost dead, 58% to hit)
You throw a poisoned dart.
The poisoned dart barely misses the gnoll.
The gnoll closely misses you. The gnoll closely misses you.
The gnoll hits you from afar with a +0 halberd!
You die...

#......#.....#
#######......
#......#(....#
#......####+#
#......#...#### ##......#
#......'...##.#####.......#
#......#.........'........#
#......#.........#........#
####...#.....g...##########
##..#..........#
####.......@..#
#...........# #...†##....##
#....##....# #..........#
#..........# #..........#
#..........# #..........#


You could see a gnoll.

Vanquished Creatures
  An ogre (D:4)
  A centaur (D:5)
  A hound (D:5)
  A gnoll shaman (D:5)
  Jessica (D:2)
  4 iguanas
  An orc wizard (D:5)
  7 adders
  A white imp (D:4)
  2 worms
  2 dart slugs
  6 orcs
  8 ball pythons
  4 bats
  2 bat zombies (D:4)
  6 endoplasms
  3 giant cockroaches
  3 goblins
  8 hobgoblins
  4 jackals (D:1)
  5 kobolds
  5 quokkas
  3 frilled lizards
  4 rats (D:2)
  2 rat zombies (D:4)
85 creatures vanquished.

Vanquished Creatures (collateral kills)
  An adder (D:3)
  A goblin (D:3)
2 creatures vanquished.

Vanquished Creatures (others)
  98 foxfires
  4 plants (D:4)
102 creatures vanquished.

Grand Total: 189 creatures vanquished

Notes
Turn   | Place    | Note
-------+----------+-------------------------------------------
     0 | D:1      | dolemite99 the Hill Orc Fire Elementalist began the quest
                  | for the Orb.
     0 | D:1      | Reached XP level 1. HP: 14/14 MP: 3/3
    25 | D:1      | Found a faded altar of an unknown god.
    31 | D:1      | Prayed at the altar of an unknown god.
    31 | D:1      | Became a worshipper of Xom of Chaos
   283 | D:1      | Reached XP level 2. HP: 20/20 MP: 4/4
   317 | D:1      | Learned a level 2 spell: Scorch
   352 | D:1      | Reached skill level 4 in Fire Magic
   485 | D:1      | XOM: silly message
  1058 | D:1      | Reached XP level 3. HP: 6/26 MP: 1/5
  1132 | D:1      | XOM: divination: detect creatures
  1657 | D:1      | XOM: god gift: ring mail {god gift}
  1735 | D:2      | XOM: 4-stop teleportation journey
  1928 | D:2      | Noticed Jessica
  1948 | D:2      | XOM: fog
  1961 | D:2      | Reached skill level 5 in Fire Magic
  1963 | D:2      | Killed Jessica
  1964 | D:2      | Reached XP level 4. HP: 5/33 MP: 1/6
  2250 | D:2      | XOM: god gift: 915 gold pieces
  2425 | D:2      | XOM: 1-stop teleportation journey
  2507 | D:2      | Found Wiadycui's Magic Scroll Boutique.
  2510 | D:2      | Bought a scroll of identify for 20 gold pieces
  2510 | D:2      | Bought a scroll of teleportation for 30 gold pieces
  2510 | D:2      | Bought a scroll of identify for 20 gold pieces
  2510 | D:2      | Bought a scroll of identify for 20 gold pieces
  2510 | D:2      | Bought a scroll of identify for 20 gold pieces
  2510 | D:2      | Bought a scroll of teleportation for 30 gold pieces
  2976 | D:2      | Reached skill level 6 in Fire Magic
  3173 | D:2      | Reached XP level 5. HP: 38/38 MP: 2/7
  3627 | D:3      | XOM: 1-stop teleportation journey
  3856 | D:3      | Found an opulent altar of Gozag.
  4113 | D:3      | XOM: cloud trail
  4334 | D:4      | XOM: scenery: summon butterflies
  4456 | D:4      | Reached skill level 7 in Fire Magic
  4502 | D:4      | Reached XP level 6. HP: 45/45 MP: 5/8
  4645 | D:4      | XOM: god gift: 26 gold pieces
  4666 | D:4      | XOM: give mutations
  4666 | D:4      | Gained mutation: You are somewhat resistant to further
                  | mutation. [Xom's grace]
  4666 | D:4      | Gained mutation: You have very sharp teeth. [Xom's grace]
  4666 | D:4      | Gained mutation: Your mind is acute. (Int +2) [Xom's grace]
  4897 | D:4      | XOM: god gift: smoky green potion {god gift}
  5078 | D:4      | Found a sparkling altar of Nemelex Xobeh.
  5376 | D:4      | Found a shimmering altar of Xom.
  5923 | D:4      | Learned a level 3 spell: Conjure Flame
  5925 | D:4      | Found an ancient bone altar of Kikubaaqudgha.
  6072 | D:5      | Entered Level 5 of the Dungeon
  6079 | D:5      | Reached skill level 8 in Fire Magic
  6824 | D:5      | XOM: confusion
  6832 | D:5      | Reached XP level 7. HP: 39/50 MP: 2/9
  6846 | D:5      | XOM is BORED!
  6846 | D:5      | XOM: give mutations
  6846 | D:5      | Gained mutation: You occasionally shout uncontrollably at
                  | your foes. [Xom's mischief]
  6846 | D:5      | Gained mutation: You frequently scream uncontrollably at
                  | your foes. [Xom's mischief]
  6846 | D:5      | Gained mutation: You are frail. (-10% HP) [Xom's mischief]
  6899 | D:5      | XOM: 8-stop teleportation journey
  7145 | D:5      | Slain by a gnoll

Illustrated notes

Levels and vault maps discovered:
D:1:      co_arrival_square_in_a_square_in_a_square, layout_rooms,
          ebering_ecumenical_altar_mist
D:2:      layout_basic, serial_shops, nicolae_shop_trees, uniq_jessica
D:3:      layout_loops_ring, nicolae_gozag_seed_capital, hex_tiny,
          kennysheep_nub
D:4:      layout_basic, mainiacjoe_overflow_boulevard,
          lemuel_zombie_altar_kikubaaqudgha, kennysheep_little_box,
          mrwooster_statue_mirror
D:5:      layout_gridville, makhleb_heckhound_becter,
          minmay_temple_entry_enclosed_plants, minmay_misc_feat_pillars,
          st_stairs_10

Skill      XL: |  1  2  3  4  5  6 |
---------------+-------------------+-----
Fire Magic     | 4 5 6 7 8 |  8.5
Axes           | 2 |  2.8
Dodging        | |  1.5
Stealth        | |  1.5
Spellcasting   | |  1.5
Conjurations   | |  1.0

Action                   |  1- 3 |  4- 6 |  7- 9 || total
-------------------------+-------+-------+-------++-------
Melee: Rapier            |    39 |    14 |       ||    53
       Punch             |     1 |       |       ||     1
       Bite              |       |     1 |       ||     1
Throw: Dart              |       |       |     2 ||     2
 Cast: Foxfire           |    20 |    36 |       ||    56
       Scorch            |     9 |    46 |    12 ||    67
  Use: Scroll            |     1 |    20 |       ||    21
       Potion            |     1 |     2 |     2 ||     5
Armor: Robe              |    18 |    37 |     1 ||    56
Dodge: Dodged            |    67 |    69 |    11 ||   147

Table legend: (Time is in decaauts)
 A = Elapsed time spent in this place.
 B = Non-inter-level travel time spent in this place.
 C = Inter-level travel time spent in this place.
 D = Time resting spent in this place.
 E = Time spent auto-exploring this place.
 F = Levels seen in this place.
 G = Mean time per level.
                   A        B        C        D        E       F      G
               +--------+--------+--------+--------+--------+-----+--------+
         Total |   7155 |   7053 |    102 |   3464 |   2477 |   5 | 1431.0 |
       Dungeon |   7155 |   7053 |    102 |   3464 |   2477 |   5 | 1431.0 |
               +--------+--------+--------+--------+--------+-----+--------+

Top non-repeatable levels by time:
     D:4: 2212 daAuts
     D:2: 1824 daAuts
     D:1: 1647 daAuts
     D:3: 795 daAuts
     D:5: 675 daAuts
